 Dungeon Crawl Stone Soup version 0.23.2-1-ga50397a (webtiles) character file.

Game seed: 4815191475917819856

136966 Meegle the Eclecticist (level 16, -9/83 HPs)
             Began as a Deep Elf Fire Elementalist on May 19, 2019.
             Was the Champion of Vehumet.
             Killed from afar by a ynoxinul (23 damage)
             ... with an iron shot
             ... summoned by Frances
             ... on level 2 of the Spider Nest on May 23, 2019.
             The game lasted 03:49:33 (37049 turns).

Meegle the Eclecticist (DEFE)                      Turns: 37049, Time: 03:49:34

Health: -9/83      AC:  9    Str:  5    XL:     16   Next: 38%
Magic:  27/41      EV: 20    Int: 28    God:    Vehumet [******]
Gold:   1662       SH:  6    Dex: 15    Spells: 11/54 levels left

rFire    + . .     SeeInvis +   d - +9 staff of Olgreb {rPois}
rCold    . . .     Gourm    .   (no shield)
rNeg     + . .     Faith    .   O - +0 acid dragon scales rPois โˆž Spirit .
                                V - +2 hat {MR+}
rElec    .         Reflect  +   (no cloak)
rCorr    +         Harm     .   z - +0 pair of gloves
MR       ++++.                  (no boots)
Stlth    +++++.....             E - amulet "Leir" {Reflect rF+ SH+6 Stlth+}
HPRegen  0.23/turn              l - ring "Dalateoss" {rN+ MR++ Slay-5 SInv}
MPRegen  0.27/turn              J - +3 ring of evasion

@: very slightly contaminated
A: no striking features
}: 1/15 runes: barnacled
a: Renounce Religion


You were on level 2 of the Spider Nest.
You worshipped Vehumet.
Vehumet was exalted by your worship.
You were not hungry.

You visited 6 branches of the dungeon, and saw 27 of its levels.
You also visited: Ossuary and Ice Cave.

You collected 2242 gold pieces.
You spent 580 gold pieces at shops.

Inventory:

Hand Weapons
 d - the +9 staff of Olgreb (weapon) {rPois}
   (You found it on level 1 of the Spider Nest)

   It protects you from poison.
 o - the +4 spear of the Dozen Curses {freeze, rElec rPois Int-3}
   (You found it on level 1 of the Shoals)

   It has been specially enchanted to freeze those struck by it, causing extra
   injury to most foes and up to half again as much damage against particularly
   susceptible opponents.
   It can also slow down cold-blooded creatures.
   It affects your intelligence (-3).
   It insulates you from electricity.
   It protects you from poison.
Armour
 z - a +0 pair of gloves (worn)
 O - +0 acid dragon scales (worn)
 U - +1 steam dragon scales
 V - a +2 hat of magic resistance (worn)
Magical Staves
 K - an uncursed staff of conjuration
Jewellery
 l - the ring "Dalateoss" (left hand) {rN+ MR++ Slay-5 SInv}
   (You bought it in a shop on level 11 of the Dungeon)

   [ring of positive energy]

   It affects your accuracy and damage with ranged weapons and melee attacks
   (-5).
   It protects you from negative energy.
   It affects your resistance to hostile enchantments.
   It lets you see invisible.
 E - the amulet "Leir" (around neck) {Reflect rF+ SH+6 Stlth+}
   (You found it on level 5 of the Dungeon)

   [amulet of reflection]

   It shields you and reflects attacks.
   It protects you from fire.
   It affects your SH (+6).
   It makes you more stealthy.
 J - a +3 ring of evasion (right hand)
Wands
 r - a wand of paralysis (17)
 t - a wand of iceblast (23)
 H - a wand of disintegration (19)
 L - a wand of scattershot (12)
 Q - a wand of digging (10)
Scrolls
 a - a scroll of amnesia
 b - 4 scrolls of blinking
 g - 22 scrolls of remove curse
 i - 8 scrolls of identify
 k - 3 scrolls of noise {unknown}
 n - 9 scrolls of teleportation
 p - 2 scrolls of fear
 q - 3 scrolls of enchant armour
 v - 2 scrolls of vulnerability {unknown}
 x - 5 scrolls of immolation
 F - 4 scrolls of fog {unknown}
 G - 2 scrolls of enchant weapon
 N - 2 scrolls of brand weapon {unknown}
 R - a scroll of torment {unknown}
 T - 2 scrolls of magic mapping {unknown}
Potions
 e - 2 potions of degeneration {unknown}
 f - 2 potions of experience {unknown}
 h - 2 potions of heal wounds
 m - a potion of berserk rage {unknown}
 s - 4 potions of magic
 u - 3 potions of flight
 A - 6 potions of curing
 B - 7 potions of haste
 C - 3 potions of invisibility
 D - a potion of cancellation {unknown}
 I - 2 potions of agility
 M - 3 potions of resistance
 Y - 2 potions of brilliance {unknown}
Comestibles
 c - 39 rations


   Skills:
 + Level 3.1 Fighting
 + Level 1.1 Armour
 - Level 12.3 Dodging
 * Level 8.7 Stealth
   Level 0.1 Shields
 + Level 19.7 Spellcasting
 + Level 14.9 Conjurations
 * Level 7.1 Hexes
 + Level 1.2 Summonings
 + Level 14.9 Fire Magic
 + Level 0.5 Ice Magic
 * Level 8.7 Earth Magic
 + Level 1.6 Poison Magic


You had 11 spell levels left.
You knew the following spells:

 Your Spells              Type           Power        Failure   Level  Hunger
a - Flame Tongue          Conj/Fire      #####        0%          1    None
b - Throw Flame           Conj/Fire      ######       0%          2    None
c - Conjure Flame         Conj/Fire      #######.     0%          3    None
d - Inner Flame           Hex/Fire       ######..     1%          3    None
e - Sticky Flame          Conj/Fire      #######.     1%          4    None
f - Fireball              Conj/Fire      #######...   1%          5    None
g - Sting                 Conj/Pois      ####         1%          1    None
h - Freeze                Ice            ####         1%          1    None
i - Mephitic Cloud        Conj/Pois/Air  ######..     1%          3    None
j - Corona                Hex            ######.      1%          1    None
k - Summon Small Mammal   Summ           ####         1%          1    None
l - Summon Lightning Spi  Summ/Air       ####....     24%         4    None
m - Iron Shot             Conj/Erth      #######...   1%          6    None
n - Summon Butterflies    Summ           ####....     1%          1    None
o - Orb of Destruction    Conj           #######...   1%          7    ####...

Your spell library contained the following spells:

 Spells                   Type           Power        Failure   Level  Hunger
 Lee's Rapid Deconstruct  Erth           ######....   1%          5    None
 Confusing Touch          Hex            ######       1%          1    None
 Ensorcelled Hibernation  Hex/Ice        #####.       1%          2    None
 Dazzling Spray           Conj/Hex       ######       1%          3    None
 Summon Guardian Golem    Hex/Summ       ######..     1%          3    None
 Tukima's Dance           Hex            ######..     1%          3    None
 Leda's Liquefaction      Hex/Erth       ######....   1%          4    None
 Bolt of Magma            Conj/Fire/Erth #######...   1%          5    None
 Iskenderun's Battlesphe  Conj/Chrm      ######..     1%          5    None
 Venom Bolt               Conj/Pois      #######...   1%          5    None
 Animate Skeleton         Necr           N/A          3%          1    None
 Apportation              Tloc           ####..       3%          1    None
 Pain                     Necr           ####         3%          1    None
 Call Imp                 Summ           ####....     3%          2    None
 Corpse Rot               Necr           N/A          4%          2    None
 Call Canine Familiar     Summ           ####....     6%          3    None
 Recall                   Summ/Tloc      N/A          8%          3    None
 Lesser Beckoning         Tloc           ####......   10%         3    None
 Regeneration             Chrm/Necr      ####......   10%         3    None
 Vampiric Draining        Necr           ####......   10%         3    None
 Summon Mana Viper        Hex/Summ       ######..     16%         5    None
 Summon Ice Beast         Ice/Summ       ####....     22%         4    None
 Spellforged Servitor     Conj/Summ      ######....   24%         7    ####...
 Invisibility             Hex            ######..     26%         6    None
 Ice Form                 Ice/Tmut       ####....     28%         4    None
 Animate Dead             Necr           N/A          30%         4    None
 Aura of Abjuration       Summ           ####......   47%         5    None
 Summon Demon             Summ           ####......   47%         5    None
 Alistair's Intoxication  Tmut/Pois      #####...     52%         5    None
 Summon Forest            Summ/Tloc      ####......   56%         5    None
 Shadow Creatures         Summ           N/A          96%         6    None
 Hydra Form               Tmut           ####......   99%         6    None


Dungeon Overview and Level Annotations

Branches:
Dungeon (12/15)            Temple (1/1) D:5            Lair (6/6) D:9
 Shoals (4/4) Lair:4       Spider (2/4) Lair:2        Slime (0/5) Lair:6
    Orc (2/2) D:12            Elf (0/3) Orc:2

Altars:
Ashenzari
Cheibriados
Elyvilon
Kikubaaqudgha
Makhleb
Nemelex Xobeh
Okawaru
Ru
Trog
Uskayaw
Vehumet
Wu Jian
Xom
Yredelemnul
Zin
Beogh
Jiyva

Shops:
D:5 %   D:6 *   D:9 [   D:11 [:=**   Orc:2 *[(%   Shoals:2 (

Portals:
Trove: D:12 (give 13 potions of heal wounds)

Annotations:
D:9 1 runed translucent door
Shoals:4 Ilsuiw
Spider:2 Agnes, Frances
Orc:2 1 exclusion


Message History

The tarantella looks frightened!
The wolf spider looks frightened!
The redback looks frightened!
The jumping spider leaps!
The demonic crawler misses you. x3
The ynoxinul gestures.
The orange demon misses you.
Okay, then.
Okay, then.
Blink to where?
Press: ? - help, Dir - move target cursor You are very lightly contaminated with residual magic.
As you read the scroll of blinking, it crumbles to dust.
Okay, then.
Blink to where?
Press: ? - help, Dir - move target cursor
As you read the scroll of blinking, it crumbles to dust. 2 redbacks come into view.
The jumping spider leaps!
Frances evades a web.
The jumping spider leaps!
The ynoxinul gestures at you. The iron shot hits you!!
You die...

..#..........
##.s..##.##.............
#^.s..#...#.......<.....
#.........##...#.#.....#
...โ—‹......#. # #..####
.....>.... ########
.......5.#####ยง.#
^....>...##@<...#
.......@..35s....#
...........4s....#
..............####
...........s...
................
..........s.....
.................
......โ—‹........


You could see Frances, a demonic crawler, a wolf spider (fleeing), an orange
demon, a ynoxinul, a jumping spider, 3 redbacks and 2 ufetubi.

Vanquished Creatures
  Gastronok (Lair:3)
  A stone giant (Shoals:2)
  Nessos (Lair:4)
  A spark wasp (Lair:2)
  5 merfolk javelineers (Shoals:4)
  An ettin (Orc:1)
  7 merfolk impalers
  4 hydras
  Harold (D:8)
  2 merfolk avatars
  3 catoblepae (Lair:6)
  2 two-headed ogres
  5 merfolk aquamancers
  6 death yaks (Lair:6)
  5 orc high priests
  A satyr (Shoals:3)
  A tengu warrior (D:12)
  The ghost of goulibeur the Skirmisher, a novice DrBe of Trog (D:8)
  Nergalle (Lair:4)
  8 sea snakes
  3 unseen horrors
  5 harpies
  A necromancer (IceCv)
  An orb spider (Spider:1)
  8 wolf spiders
  3 oklob plants (Lair:5)
  2 ugly things (D:12)
  3 orc sorcerers
  5 fauns
  12 manticores
  7 black mambas
  12 cyclopes
  8 merfolk sirens
  5 water nymphs
  4 elephants (Lair:6)
  4 ice statues (IceCv)
  A centaur skeleton (D:11)
  A torpor snail (Lair:2)
  9 spiny frogs
  3 rime drakes
  3 demonic crawlers (Spider:1)
  9 komodo dragons
  5 ice devils (IceCv)
  13 jumping spiders
  7 wind drakes
  A hornet (Spider:1)
  21 merfolk
  8 snapping turtles
  Prince Ribbit (D:8)
  A slime creature (D:8)
  8 dream sheep
  14 hippogriffs
  A shadow (D:12)
  23 blink frogs
  18 redbacks
  Sigmund (D:3)
  A wraith (D:10)
  2 wyverns
  A vampire (D:12)
  8 tarantellas
  2 basilisks
  11 water elementals
  32 yaks
  Grum (D:8)
  2 hungry ghosts
  A steam dragon (D:12)
  3 wargs
  2 acid dragons
  15 water moccasins
  11 porcupines
  12 ice beasts
  11 orc warriors
  4 sky beasts
  13 ogres
  2 eyes of draining (D:8)
  2 phantoms
  9 centaurs
  8 wolves
  8 crocodiles
  A big kobold (D:7)
  21 bullfrogs
  13 scorpions
  8 killer bees
  A water moccasin skeleton (D:11)
  9 wights
  An electric eel (D:6)
  4 crimson imps
  3 howler monkeys
  8 centaur zombies
  A bullfrog zombie (D:12)
  A human zombie (Ossuary)
  A quasit (D:11)
  3 draconian simulacra (IceCv)
  9 jellies
  29 orc priests
  A gnoll shaman (D:6)
  2 hounds
  3 iguanas
  23 orc wizards
  11 worker ants
  A troll simulacrum (IceCv)
  2 big kobold zombies (Ossuary)
  2 centaur simulacra (IceCv)
  A hound skeleton (D:4)
  4 mummies
  14 gnolls
  5 scorpion zombies (Ossuary)
  9 adders
  2 naga simulacra (IceCv)
  2 ogre simulacra (IceCv)
  4 shadow imps
  3 oozes
  3 adder skeletons
  4 worms
  A dart slug (D:1)
  4 leopard geckos
  44 orcs
  2 giant cockroaches
  11 hobgoblins
  15 jackals
  4 quokkas
  6 bats
  7 frilled lizards
  2 gnoll zombies (Ossuary)
  6 goblins
  A hobgoblin zombie (Ossuary)
  9 kobolds
  A kobold zombie (Ossuary)
  2 leopard gecko skeletons
  5 orc zombies (Ossuary)
  6 rats
  A fungus (Lair:4)
  16 plants
801 creatures vanquished.

Vanquished Creatures (others)
  3 fungi
  27 plants
30 creatures vanquished.

Grand Total: 831 creatures vanquished

Notes
Turn   | Place    | Note
-------+----------+-------------------------------------------
     0 | D:1      | Meegle the Deep Elf Fire Elementalist began the quest for
                  | the Orb.
     0 | D:1      | Reached XP level 1. HP: 10/10 MP: 6/6
   438 | D:1      | Reached XP level 2. HP: 15/15 MP: 6/8
   878 | D:1      | Learned a level 2 spell: Throw Flame
  1109 | D:2      | Reached XP level 3. HP: 19/19 MP: 6/9
  1153 | D:2      | Learned a level 3 spell: Conjure Flame
  1616 | D:2      | Reached XP level 4. HP: 24/24 MP: 4/11
  1680 | D:2      | Learned a level 3 spell: Inner Flame
  1989 | D:3      | Reached skill level 4 in Spellcasting
  2085 | D:3      | Noticed Sigmund
  2254 | D:4      | Reached XP level 5. HP: 28/28 MP: 2/13
  2881 | D:4      | Reached skill level 5 in Spellcasting
  3233 | D:4      | You fall through a shaft!
  3233 | D:5      | Entered Level 5 of the Dungeon
  3254 | D:5      | Found a staircase to the Ecumenical Temple.
  3261 | D:5      | Reached XP level 6. HP: 32/32 MP: 4/16
  3264 | D:5      | Noticed an ice beast
  3270 | D:5      | Reached skill level 5 in Fire Magic
  3276 | Temple   | Entered the Ecumenical Temple
  3346 | Temple   | Became a worshipper of Vehumet
  3448 | D:5      | Found Hiutusix's Food Shop.
  3481 | D:4      | Reached skill level 6 in Spellcasting
  3624 | D:5      | Noticed a sky beast
  3653 | D:5      | Found a sand-covered staircase.
  3661 | Ossuary  | Entered an ossuary
  3668 | Ossuary  | Learned a level 4 spell: Sticky Flame
  3823 | Ossuary  | Reached XP level 7. HP: 30/36 MP: 0/19
  3935 | Ossuary  | Learned a level 5 spell: Fireball
  3958 | Ossuary  | Reached skill level 7 in Spellcasting
  4340 | Ossuary  | Reached * piety under Vehumet
  4340 | Ossuary  | Offered knowledge of Sting by Vehumet.
  4421 | Ossuary  | Learned a level 1 spell: Sting
  5414 | D:5      | Reached skill level 5 in Conjurations
  5424 | D:5      | Reached skill level 8 in Spellcasting
  5424 | D:5      | Reached XP level 8. HP: 42/42 MP: 5/22
  5530 | D:5      | Reached skill level 1 in Fighting
  6049 | D:5      | Got a scintillating bone amulet
  6050 | D:5      | Identified the amulet "Leir" {Reflect rF+ SH+6 Stlth+} (You
                  | found it on level 5 of the Dungeon)
  6087 | D:6      | Reached skill level 1 in Poison Magic
  6131 | D:6      | Found Zin's Purification Station.
  6133 | D:6      | Found a glowing silver altar of Zin.
  6146 | D:6      | Reached skill level 9 in Spellcasting
  6723 | D:6      | Reached skill level 10 in Spellcasting
  6770 | D:6      | Reached XP level 9. HP: 43/47 MP: 9/25
  6997 | D:6      | Offered knowledge of Freeze by Vehumet.
  7000 | D:6      | Learned a level 1 spell: Freeze
  7059 | D:6      | Reached ** piety under Vehumet
  7487 | D:6      | Reached skill level 11 in Spellcasting
  8501 | D:7      | Offered knowledge of Mephitic Cloud by Vehumet.
  8559 | D:7      | Learned a level 3 spell: Mephitic Cloud
  8946 | D:8      | Reached skill level 12 in Spellcasting
  8989 | D:8      | You fall through a shaft for 2 floors!
  8989 | D:10     | Entered Level 10 of the Dungeon
  9024 | D:10     | Reached *** piety under Vehumet
  9161 | D:8      | Noticed Prince Ribbit
  9164 | D:8      | Killed Prince Ribbit
  9167 | D:8      | Reached XP level 10. HP: 51/52 MP: 10/28
  9167 | D:8      | Noticed Grum
  9286 | D:8      | Killed Grum
  9439 | D:8      | Found a runed translucent gate.
  9440 | D:8      | Found a runed translucent gate.
  9441 | D:8      | Found a runed translucent gate.
  9441 | D:8      | Noticed goulibeur's ghost (novice DrBe)
  9462 | D:8      | Offered knowledge of Olgreb's Toxic Radiance by Vehumet.
  9530 | D:8      | Found a viscous altar of Jiyva.
  9613 | D:8      | Noticed Harold
  9619 | D:8      | Killed Harold
  9793 | D:8      | Noticed a two-headed ogre
  9805 | D:8      | Killed a two-headed ogre
  9805 | D:8      | Reached skill level 13 in Spellcasting
  9910 | D:8      | Identified the Catalogue of Beguiling and Stolen Souls
 10612 | D:9      | Found a runed translucent door.
 10612 | D:9      | Noticed a sixfirhy
 11133 | D:9      | Reached **** piety under Vehumet
 11136 | D:9      | Found Nirchazxo's Armour Emporium.
 11316 | D:9      | Reached skill level 5 in Dodging
 11602 | D:9      | Found a staircase to the Lair.
 11620 | D:9      | Reached XP level 11. HP: 57/57 MP: 15/30
 11747 | D:9      | Learned a level 1 spell: Corona
 11749 | D:9      | Learned a level 1 spell: Summon Small Mammal
 12450 | D:10     | Offered knowledge of Static Discharge by Vehumet.
 12479 | D:10     | Got a pitted morningstar
 12480 | D:10     | Identified the cursed +0 morningstar "Esavvy" {crush, -Tele
                  | rPois rN++ MR+} (You found it on level 10 of the Dungeon)
 12493 | D:10     | Reached skill level 10 in Fire Magic
 12934 | D:11     | Found Nudayxt's General Store.
 12940 | D:11     | Reached skill level 14 in Spellcasting
 13076 | D:11     | Bought a potion of resistance for 140 gold pieces
 13076 | D:11     | Bought a potion of might for 56 gold pieces
 13093 | D:11     | Found Quoni's Book Boutique.
 13101 | D:11     | Found Teniesme's Jewellery Shoppe.
 13113 | D:11     | Noticed a green ugly thing
 13191 | D:11     | Noticed an unseen horror
 13194 | D:11     | Killed an unseen horror
 13488 | Lair:1   | Entered Level 1 of the Lair of Beasts
 13502 | Lair:1   | Reached skill level 10 in Conjurations
 15228 | Lair:2   | Found a hole to the Spider Nest.
 15640 | Lair:2   | Reached XP level 12. HP: 62/62 MP: 24/32
 16522 | Lair:3   | Noticed an eight-headed hydra
 16525 | Lair:3   | Killed an eight-headed hydra
 16525 | Lair:3   | Reached skill level 15 in Spellcasting
 16619 | Lair:3   | Reached skill level 5 in Stealth
 16734 | Lair:3   | Noticed Gastronok
 16834 | Lair:3   | Killed Gastronok
 17096 | Lair:3   | Reached skill level 1 in Hexes
 17556 | Lair:4   | Found a frozen archway.
 17557 | Lair:4   | Reached skill level 1 in Summonings
 17725 | IceCv    | Entered an ice cave
 18063 | IceCv    | Reached ***** piety under Vehumet
 18083 | IceCv    | Offered knowledge of Bolt of Magma by Vehumet.
 18381 | IceCv    | Reached skill level 16 in Spellcasting
 18983 | Lair:4   | Reached XP level 13. HP: 63/68 MP: 27/35
 19486 | Lair:4   | Noticed Nessos
 19492 | Lair:4   | Killed Nessos
 19498 | Lair:4   | Noticed Nergalle
 19500 | Lair:4   | Killed Nergalle
 19769 | Lair:4   | Learned a level 4 spell: Summon Lightning Spire
 19895 | Lair:4   | Found a staircase to the Shoals.
 20282 | Lair:5   | Reached skill level 10 in Dodging
 20729 | Lair:5   | Identified Roxanne's Handbook of Unstable Clay
 20738 | Lair:5   | Learned a level 6 spell: Iron Shot
 20763 | Lair:5   | Got a vibrating brass ring
 20957 | Lair:5   | Identified the ring of the Ten Allies {rF+ Str+4 Dex+2}
                  | (You found it on level 5 of the Lair of Beasts)
 20968 | Lair:5   | Reached skill level 1 in Earth Magic
 21498 | Lair:6   | Entered Level 6 of the Lair of Beasts
 22094 | Lair:6   | Reached skill level 17 in Spellcasting
 22152 | Lair:6   | Found a staircase to the Slime Pits.
 22823 | Lair:6   | Learned a level 1 spell: Summon Butterflies
 22925 | Lair:6   | Reached XP level 14. HP: 54/72 MP: 26/37
 24487 | D:11     | Bought the ring "Dalateoss" {rN+ MR++ Slay-5 SInv} for 220
                  | gold pieces
 24643 | D:11     | Found Dasuh's General Store.
 24767 | D:11     | Bought a scroll of amnesia for 52 gold pieces
 24767 | D:11     | Bought a scroll of enchant weapon for 112 gold pieces
 24991 | D:11     | Found Gunaw's Armour Shop.
 25381 | D:12     | Reached skill level 5 in Earth Magic
 25708 | D:12     | Found a staircase to the Orcish Mines.
 26113 | D:12     | Found a portal to a secret trove of treasure.
 26203 | Orc:1    | Entered Level 1 of the Orcish Mines
 26319 | Orc:1    | Reached skill level 18 in Spellcasting
 26420 | Orc:1    | Found an iron altar of Okawaru.
 26533 | Orc:2    | Entered Level 2 of the Orcish Mines
 26599 | Orc:2    | Found a roughly hewn altar of Beogh.
 26824 | Orc:2    | Found a roughly hewn altar of Beogh.
 26842 | Orc:2    | Offered knowledge of Orb of Destruction by Vehumet.
 26862 | Orc:2    | Learned a level 7 spell: Orb of Destruction
 26924 | Orc:2    | Found a staircase to the Elven Halls.
 27502 | Orc:2    | Found Aschas's General Store.
 27502 | Orc:2    | Found Afericuj's Antique Armour Shop.
 27503 | Orc:2    | Found Wuepryxu's Food Boutique.
 27509 | Orc:2    | Found Difydyos's Antique Weapon Boutique.
 28329 | Orc:1    | Found a shimmering altar of Xom.
 28873 | D:3      | You fall through a shaft for 3 floors!
 29101 | D:3      | Killed Sigmund
 29355 | D:8      | Killed goulibeur's ghost
 29675 | Shoals:1 | Entered Level 1 of the Shoals
 29814 | Shoals:1 | Got a warped spear
 29815 | Shoals:1 | Identified the +4 spear of the Dozen Curses {freeze, rElec
                  | rPois Int-3} (You found it on level 1 of the Shoals)
 30280 | Shoals:1 | Reached XP level 15. HP: 28/77 MP: 16/39
 31531 | Shoals:2 | Found Guuthoimm's Weapon Shop.
 31771 | Shoals:2 | Reached ****** piety under Vehumet
 32755 | Shoals:3 | Offered knowledge of Irradiate by Vehumet.
 32981 | Shoals:3 | Reached skill level 19 in Spellcasting
 33531 | Shoals:4 | Entered Level 4 of the Shoals
 33656 | Shoals:4 | Found the +5 robe of Misfortune {*Contam Harm *Corrode
                  | *Drain *Slow EV+5}
 33770 | Shoals:4 | Reached skill level 5 in Hexes
 34418 | Shoals:4 | Got a barnacled rune of Zot
 34659 | Shoals:4 | Reached XP level 16. HP: 60/83 MP: 30/41
 34781 | Shoals:4 | Noticed Ilsuiw
 34958 | Spider:1 | Entered Level 1 of the Spider Nest
 35552 | Lair:2   | Offered knowledge of Lee's Rapid Deconstruction by Vehumet.
 36646 | Spider:1 | Found the +9 staff of Olgreb {rPois}
 36766 | Spider:2 | Reached skill level 1 in Armour
 36776 | Spider:2 | Noticed Agnes
 37040 | Spider:2 | Noticed Frances
 37049 | Spider:2 | Killed from afar by a ynoxinul

Skill      XL: |  1  2  3  4  5  6  7  8  9 10 11 12 13 14 15 16 |
---------------+-------------------------------------------------+-----
Fire Magic     | 4 5 6 7 8 9 11 12 13 14 | 14.9
Conjurations   | 2 3 5 6 8 9 10 11 12 13 14 | 14.9
Spellcasting   | 4 5 6 8 10 12 13 14 16 17 18 19 | 19.7
Dodging        | 3 5 7 9 10 12 | 12.3
Stealth        | 3 4 5 8 |  8.7
Fighting       | 1 2 3 |  3.1
Poison Magic   | 1 |  1.6
Hexes          | 1 6 7 |  7.1
Summonings     | 1 |  1.2
Earth Magic    | 3 6 8 |  8.7
Armour         | 1 |  1.1
Shields        | |  0.1
Ice Magic      | |  0.5

Action                   |  1- 3 |  4- 6 |  7- 9 | 10-12 | 13-15 | 16-18 || total
-------------------------+-------+-------+-------+-------+-------+-------++-------
Melee: Spear             |       |       |     4 |       |       |     1 ||     5
       Dagger            |       |       |    10 |       |       |       ||    10
       Staff             |       |       |       |       |     1 |       ||     1
 Cast: Flame Tongue      |    52 |   115 |   231 |   375 |   452 |    11 ||  1236
       Throw Flame       |     2 |     9 |    29 |    35 |    62 |       ||   137
       Conjure Flame     |     1 |     6 |    10 |    31 |     5 |       ||    53
       Sticky Flame      |       |     1 |    14 |    69 |    86 |     9 ||   179
       Fireball          |       |       |    25 |    83 |   293 |    68 ||   469
       Sting             |       |       |    44 |       |       |       ||    44
       Freeze            |       |       |     3 |       |     3 |       ||     6
       Corona            |       |       |       |     3 |       |       ||     3
       Summon Small Mamm |       |       |       |     5 |       |       ||     5
       Inner Flame       |       |       |       |     2 |     1 |       ||     3
       Iron Shot         |       |       |       |       |    42 |    13 ||    55
       Mephitic Cloud    |       |       |       |       |     1 |       ||     1
       Orb of Destructio |       |       |       |       |       |     3 ||     3
  Use: Scroll            |       |       |     3 |     7 |    12 |     5 ||    27
       Potion            |       |       |     1 |     6 |     1 |     2 ||    10
 Stab: Sleeping          |       |       |     3 |       |     1 |       ||     4
  Eat: Chunk             |     2 |     7 |    10 |    23 |    47 |     4 ||    93
       Ration            |       |       |     3 |     3 |     1 |     2 ||     9
Armor: Robe              |     2 |     4 |    14 |     9 |     6 |       ||    35
       Steam dragon scal |       |       |       |       |    10 |     7 ||    17
       Acid dragon scale |       |       |       |       |       |    14 ||    14
Dodge: Dodged            |    14 |    15 |    46 |    62 |   161 |    84 ||   382
Block: Other             |       |       |    10 |    25 |    45 |    23 ||   103
       Reflection        |       |       |       |       |     9 |       ||     9
